 Dungeon Crawl Stone Soup version 0.27.0-1-g7a089689b8 (webtiles) character file.

Game seed: 2982366005866296504

44 Spectrina the Magician (level 3, -1/24 (25) HPs)
             Began as a Djinni Necromancer on Aug 17, 2021.
             Was a Follower of Okawaru.
             Killed by miscasting Vampiric Draining (4 damage)
             ... on level 2 of the Dungeon.
             The game lasted 00:10:59 (1208 turns).

Spectrina the Magician (Djinni Necromancer)         Turns: 1208, Time: 00:11:01

HP:   -1/24 (25)    AC:  2    Str:  7    XL:     3   Next: 87%
Gold: 83            EV: 12    Int: 17    God:    Okawaru [*.....] SH:  0 Dex: 13

rFire    + + .     SeeInvis .   i - +0 dagger (venom)
rCold    x . .     Faith    .   (no shield)
rNeg     . . .     Spirit   .   a - +0 robe
rPois    ∞         Reflect  .   (no helmet)
rElec    .         Harm     .   (no cloak)
rCorr    .         Rampage  .   (no gloves)
Will     .....                  (boots unavailable)
Stlth    ++........             (no amulet)
HPRegen  0.08/turn              (no ring)
MPRegen  0.00/turn              (no ring)

@: flying, very slightly contaminated, lightly drained
A: sickness immunity, fire resistance 2, cold vulnerability 1, float, innate
caster, hp casting, extra vitality 1
a: Renounce Religion, Heroism


You were on level 2 of the Dungeon.
You worshipped Okawaru.
Okawaru was aware of your devotion.
You visited 1 branch of the dungeon, and saw 2 of its levels.

You collected 83 gold pieces.

Inventory:

Hand Weapons
 h - a +0 dagger
 i - a +0 dagger of venom (weapon)
Missiles
 c - 28 bolts
 f - a stone (quivered)
 g - 40 arrows
Armour
 a - a +0 robe (worn)
Scrolls
 e - a scroll of fog {unknown}
Potions
 b - a potion of curing {unknown}
 d - a potion of haste


   Skills:
 - Level 2.1 Dodging
 - Level 1.5 Stealth
 + Level 4.2 Spellcasting


You couldn't memorise any spells.
You knew the following spells:

 Your Spells              Type           Power      Damage    Failure   Level
a - Pain                  Necr           68%        1d7       2%          1
f - Magic Dart            Conj           68%        1d6       2%          1
k - Agony                 Necr           17%        N/A       58%         5
l - Vampiric Draining     Necr           8%         2d7       9%          3
m - Animate Skeleton      Necr           34%        N/A       2%          1
n - Animate Dead          Necr           8%         N/A       26%         4
Your spell library was empty.

Dungeon Overview and Level Annotations

Branches:
Dungeon (2/15)

Altars:
Okawaru

Annotations:
D:2 Natasha, Terence


Innate Abilities, Weirdness & Mutations

You are immune to sickness and miasma.
You are immune to poison.
Your flesh is very heat resistant. (rF++)
You are vulnerable to cold. (rC-)
You float through the air rather than walking.
You learn spells naturally, not from books.
Your magical power is your life essence.
You have superior vitality. (+4 HP)


Message History

The jackal is moderately wounded.
The jackal barks!
* * * LOW HITPOINT WARNING * * *
You hear a bark!
A jackal comes into view.
The jackal moves out of view.
A jackal comes into view.
A jackal comes into view.
Casting: Magic Dart (safe; 2% risk of failure)
Confirm with . or Enter, or press ? or * to list all spells.
The spell is quite dangerous to cast (9% risk of failure)!
Continue anyway?
Aiming: Vampiric Draining (quite dangerous; 9% risk of failure)
Press: ? - help, Shift-Dir - straight line, f/p - jackal
Aim: a jackal You draw life force from the jackal!
You kill the jackal!
Okawaru accepts your kill.
You feel life coursing into your body.
* * * LOW HITPOINT WARNING * * *
Unknown command.
Casting: Vampiric Draining (quite dangerous; 9% risk of failure)
Confirm with . or Enter, or press ? or * to list all spells.
The spell is quite dangerous to cast (9% risk of failure)!
Continue anyway?
Aiming: Vampiric Draining (quite dangerous; 9% risk of failure)
Press: ? - help, Shift-Dir - straight line, f - jackal
Aim: a jackal You draw life force from the jackal.
You feel life coursing into your body.
* * * LOW HITPOINT WARNING * * *
The jackal closely misses you. The jackal barely misses you.
Unknown command.
Casting: Vampiric Draining (quite dangerous; 9% risk of failure)
Confirm with . or Enter, or press ? or * to list all spells.
The spell is quite dangerous to cast (9% risk of failure)!
Continue anyway?
Aiming: Vampiric Draining (quite dangerous; 9% risk of failure)
Press: ? - help, Shift-Dir - straight line, f/p - jackal
Aim: a jackal (severely wounded)
You miscast Vampiric Draining.
You are very lightly contaminated with residual magic.
You shiver with cold.
You feel drained.
You die...

###########
######.........############
#..............##.........#
#..............##.........#####
###.............@#..........#....
.##.............h#..........#....
.##................†.............
...............##.............h..
...............##......h.........
...............##...........####.
(..............##................
.......#.......##..#.#######.....
................†..#.# # .....


You could see a jackal.

Vanquished Creatures
  An adder (D:2)
  4 bats
  3 endoplasms
  A giant cockroach (D:1)
  A goblin (D:1)
  5 hobgoblins
  A jackal (D:2)
  A kobold (D:1)
  2 quokkas
  A ball python (D:2)
  4 frilled lizards
  9 rats (D:1)
33 creatures vanquished.

Vanquished Creatures (collateral kills)
  An endoplasm (D:2)
  2 rats (D:1)
3 creatures vanquished.

Grand Total: 36 creatures vanquished

Notes
Turn   | Place    | Note
-------+----------+-------------------------------------------
     0 | D:1      | Spectrina the Djinni Necromancer began the quest for the
                  | Orb.
     0 | D:1      | Reached XP level 1. HP: 15/15 MP: 0/0
   186 | D:1      | Reached XP level 2. HP: 3/21 MP: 0/0
   526 | D:2      | Noticed Natasha
   729 | D:2      | Reached XP level 3. HP: 2/25 MP: 0/0
   729 | D:2      | Learned a level 1 spell: Magic Dart
   917 | D:2      | Reached skill level 4 in Spellcasting
  1096 | D:2      | Found a faded altar of an unknown god.
  1104 | D:2      | Became a worshipper of Warmaster Okawaru
  1104 | D:2      | Reached * piety under Okawaru
  1111 | D:2      | Noticed Terence
  1208 | D:2      | Killed by miscasting Vampiric Draining

Illustrated notes

Levels and vault maps discovered:
D:1:      wander_arrival_abandoned_jail, layout_basic, minmay_rat_gold_closets
D:2:      layout_basic, basic_ecumenical_altar, uniq_robin, uniq_terence,
          uniq_natasha

Skill      XL: |  1  2  3 |
---------------+----------+-----
Spellcasting   | 4 |  4.2
Dodging        | |  2.1
Stealth        | |  1.5

Action                   || total
-------------------------++-------
Melee: Unarmed           ||     3
       Dagger            ||     7
Throw: Stone             ||     5
 Cast: Pain              ||    28
       Animate Skeleton  ||     9
       Magic Dart        ||    19
       Vampiric Draining ||     5
  Use: Potion            ||     2
 Stab: Sleeping          ||     4
Armor: Robe              ||     2
Dodge: Dodged            ||    15
